 Dungeon Crawl Stone Soup version 0.32-a0-422-g28b100f618 (webtiles) character file.

Game seed: 17854809203977501529

7 Bravepunisher the Ducker (level 1, -2/16 HPs)
             Began as a Spriggan Monk on Feb 21, 2024.
             Slain by a gnoll
             ... wielding a +0 flail
              (4 damage)
             ... on level 4 of the Dungeon.
             The game lasted 00:01:47 (587 turns).

Bravepunisher the Ducker (Spriggan Monk)             Turns: 587, Time: 00:01:48

Health: -2/16      AC: 20    Str:  7    XL:     1   Next: 91%
Magic:  2/2        EV:  4    Int: 11    God:
Gold:   18         SH:  0    Dex: 17    Spells: 0/0 levels left

rFire   . . .        a - +0 short sword
rCold   . . .        (no shield)
rNeg    . . .        b - melded +0 robe
rPois   +            (helmet currently unavailable)
rElec   .            f - melded +0 cloak
rCorr   .            (gloves unavailable)
SInv    +            (boots unavailable)
Will    .....        (no amulet)
Stlth   ++           (no ring)
HPRegen 0.22/turn    (no ring)
MPRegen 0.08/turn

%: no passive effects
@: tree-form
A: stationary, stasis, torment immunity, boosted hp, very small, no large
weapons, unfitting armour, see invisible, (speed 3)
a: no special abilities


You were on level 4 of the Dungeon.
You were a tree.
You visited 1 branch of the dungeon, and saw 4 of its levels.

You collected 18 gold pieces.

Inventory:

Hand Weapons
 a - a +0 short sword (weapon)
Armour
 b - a +0 robe (melded)
 f - a +0 cloak (melded)
Scrolls
 d - a scroll of blinking {unknown}
 g - a scroll of vulnerability {unknown}
 h - a scroll of brand weapon {unknown}
Potions
 c - a potion of ambrosia


   Skills:
 + Level 2.5 Fighting
 - Level 3.2 Short Blades
 * Level 4.5 Dodging


You couldn't memorise any spells.
You didn't know any spells.
Your spell library was empty.

Dungeon Overview and Level Annotations

Branches:
Dungeon (4/15)
 Temple: D:4-7

Altars:


Innate Abilities, Weirdness & Mutations

You are a tree.
Your roots penetrate the ground, keeping you stationary.
You cannot be teleported.
You are immune to unholy pain and torment.
Your maximum health is greatly increased.
Your equipment is partially melded.
You are very small and have problems with some larger weapons.
You are too small for most types of armour.
You have supernaturally acute eyesight. (SInv)
((You cover ground extremely quickly. (Speed+++)))


Message History

Found a stone staircase leading down.
A goblin and a gnoll come into view.
The gnoll shouts!
You hear a shout! x2
The goblin shouts!
You hit the goblin.
You kill the goblin!
You see here a +0 club.
Found a leather armour.
Found a stone staircase leading up.
You see here a +0 leather armour.
Found a stone staircase leading up.
There is a stone staircase leading up here.
Found 14 gold pieces.
A bombardier beetle comes into view.
A gnoll comes into view. It is wielding a +0 flail.
Found a blade talisman.
A gnoll comes into view. It is wielding a +0 club.
Sorry, you're not good enough to have a special ability.
It was a potion of curing.
You feel better.
It was a potion of lignification.
You turn into a tree.
Your +0 cloak melds into your body.
Your +0 robe melds into your body.
Your roots penetrate the ground.
The gnoll hits you with a +0 flail.
You barely miss the gnoll. The gnoll hits you with a +0 flail!
Ouch! That really hurt!
* * * LOW HITPOINT WARNING * * *
You closely miss the gnoll. You hit the gnoll.
The gnoll is moderately wounded.
The gnoll hits you but does no damage.
You completely miss the gnoll.
The gnoll is moderately wounded.
The gnoll hits you but does no damage.
You hit the gnoll.
The gnoll is moderately wounded.
The gnoll hits you with a +0 flail.
* * * LOW HITPOINT WARNING * * *
You hit the gnoll.
The gnoll is heavily wounded.
The gnoll hits you with a +0 flail.
You die...

##.##
##...##
#.....#
#.....#
#.....#
##....#
####.#
#.#######
#..♣gg..#
######...%#
..# #


You could see 2 gnolls.

Vanquished Creatures
  2 bats
  A goblin (D:4)
  A kobold (D:1)
4 creatures vanquished.

Notes
Turn   | Place    | Note
-------+----------+-------------------------------------------
     0 | D:1      | Bravepunisher the Spriggan Monk began the quest for the
                  | Orb.
     0 | D:1      | Reached XP level 1. HP: 11/11 MP: 2/2
   525 | D:4      | Noticed a phantom
   559 | D:4      | Noticed a bombardier beetle
   587 | D:4      | Slain by a gnoll

Illustrated notes

Levels and vault maps discovered:
D:1:      sevenhm_arrival_forest_fort_small_4, layout_basic,
          chequers_serial_rivers_room_a
D:2:      layout_basic, nicolae_ecumenical_snake_handling, uniq_natasha,
          uniq_robin
D:3:      layout_basic, grunt_temple_overflow_open, roderic_lattice_a,
          hangedman_decor_diamond_cutter, uniq_grinder
D:4:      layout_loops_ring, fedhas_altar_1, minmay_temple_entry_slanted,
          goddamned_bats

Action                     || total
---------------------------++-------
  Melee: Short sword       ||    15
    Use: Potion            ||     2
 Armour: Robe              ||     6
         Skin              ||     6
  Dodge: Dodged            ||    25

Table legend: (Time is in decaauts)
 A = Elapsed time spent in this place.
 B = Non-inter-level travel time spent in this place.
 C = Inter-level travel time spent in this place.
 D = Time resting spent in this place.
 E = Time spent auto-exploring this place.
 F = Levels seen in this place.
 G = Mean time per level.
                   A        B        C        D        E       F      G
               +--------+--------+--------+--------+--------+-----+--------+
         Total |    423 |    423 |      0 |    100 |    143 |   4 |  105.8 |
       Dungeon |    423 |    423 |      0 |    100 |    143 |   4 |  105.8 |
               +--------+--------+--------+--------+--------+-----+--------+

Top non-repeatable levels by time:
     D:3: 160 daAuts
     D:2: 119 daAuts
     D:4: 83 daAuts
     D:1: 61 daAuts
